 Dungeon Crawl Stone Soup version 0.19.3-1-g3169bf9 (webtiles) character file.

11704 Queen the Bludgeoner (level 11, 0/111 HPs)
             Began as a Gargoyle Berserker on Jan 25, 2017.
             Was an Elder of Trog.
             Slain by Clownie's ghost (3 damage)
             ... on level 11 of the Dungeon on Jan 26, 2017.
             The game lasted 00:39:09 (12224 turns).

Queen the Bludgeoner (Gargoyle Berserker)          Turns: 12224, Time: 00:39:09

Health: 0/111      AC: 31    Str: 27    XL:     11   Next: 81%
Magic:  11/11      EV:  7    Int: 10    God:    Trog [****..]
Gold:   591        SH:  0    Dex: 12    Spells: 0 memorised, 10 levels left

rFire  . . .     SeeInvis .     b - +0 mace (protect)
rCold  . . .     Gourm    .     l - +0 plate armour
rNeg   + . .     Faith    +     (no shield)
rPois  ∞         Spirit   .     j - +1 helmet
rElec  +         Reflect  .     E - +0 cloak (curse)
rCorr  .         Harm     .     (no gloves)
MR     ++...                    L - +2 pair of boots
Stlth  ..........               S - amulet of faith
                                (no ring)
                                h - +3 ring of intelligence

@: berserking, protection aura, regenerating, very quick
A: negative energy resistance 1, electricity resistance, unbreathing,
petrification resistance, rot immunity, AC +7
a: Berserk, Trog's Hand, Brothers in Arms, Burn Spellbooks, Renounce Religion


You were on level 11 of the Dungeon.
You worshipped Trog.
Trog was greatly pleased with you.
You were near starving.

You visited 1 branch of the dungeon, and saw 11 of its levels.
You also visited: Sewer.

You collected 591 gold pieces.

Inventory:

Hand Weapons
 b - a +0 mace of protection (weapon)
Missiles
 m - 11 tomahawks of returning (quivered)
 v - 5 poisoned javelins
 G - 13 tomahawks
 V - 3 poisoned tomahawks
Armour
 j - a +1 helmet (worn)
 l - a +0 plate armour (worn)
 q - a +0 cloak
 E - a cursed +0 cloak (worn)
 L - a +2 pair of boots (worn)
 X - the +0 ring mail of Magic {rCorr}
   (You found it on level 10 of the Dungeon)

   It protects you from acid and corrosion.
Jewellery
 h - a +3 ring of intelligence (left hand)
 S - an amulet of faith (around neck)
Scrolls
 f - 2 scrolls of magic mapping
 i - 6 scrolls of teleportation
 k - a scroll of recharging
 n - a scroll of enchant armour
 x - 3 scrolls of enchant weapon {unknown}
 z - 3 scrolls of immolation {unknown}
 A - 2 scrolls of blinking
 B - a scroll of holy word {unknown}
 D - a scroll of fog {unknown}
 J - a scroll of fear {unknown}
 M - 5 scrolls of remove curse
 R - 2 scrolls of identify
Potions
 d - a potion of heal wounds
 e - a potion of agility
 g - 3 potions of curing
 o - 6 potions of flight
 p - a potion of berserk rage
 r - 4 potions of mutation {unknown}
 s - 2 potions of resistance
 t - a potion of cure mutation {unknown}
 u - a potion of might {unknown}
 F - a potion of lignification {unknown}
 P - 2 potions of ambrosia {unknown}
 Q - 3 potions of brilliance {unknown}
 U - 2 potions of degeneration {unknown}
Comestibles
 a - 8 fruits
 c - 10 bread rations
 w - 14 chunks of flesh
 C - 2 beef jerkies


   Skills:
 + Level 11.3 Fighting
 - Level 15.0 Maces & Flails
 - Level 2.1 Armour
 - Level 1.5 Dodging


You had 10 spell levels left.
You didn't know any spells.

Dungeon Overview and Level Annotations

Branches:
Dungeon (11/15)            Temple (0/1) D:5
   Lair: D:8-11         Orc: D:9-12

Altars:
Fedhas
Hepliaklqana
Ru
Sif Muna
Uskayaw
Vehumet
Zin

Shops:
D:9 *

Annotations:
D:11 Clownie's ghost, journeyman FoGl


Innate Abilities, Weirdness & Mutations

You are resistant to torment.
Your stone body is resilient. (AC +7)
You are immune to poison.
You resist negative energy. (rN+)
You are resistant to electric shocks. (rElec)
You can survive without breathing.
You are immune to petrification.
You are immune to rotting.


Message History

Clownie's ghost is moderately damaged.
Clownie's ghost barely misses you.
You sock Clownie's ghost!
Clownie's ghost is heavily damaged.
You hit Clownie's ghost but do no damage.
Clownie's ghost is heavily damaged.
Clownie's ghost hits you!
* * * LOW HITPOINT WARNING * * *
Clownie's ghost freezes you.
* * * LOW HITPOINT WARNING * * *
You sock Clownie's ghost!
Clownie's ghost is severely damaged.
You hit Clownie's ghost but do no damage.
Clownie's ghost is severely damaged.
You hit Clownie's ghost but do no damage.
Clownie's ghost is severely damaged.
Clownie's ghost hits you!
* * * LOW HITPOINT WARNING * * *
Clownie's ghost freezes you.
You die...

#..# #..# #.# #..# ..# #..#
..# #..# #.. #..# ..
#############..# .# .
.......[.......#######.##....
...........(....@W[[(÷......)
####################..####.##
#..# #..# #..# #..# .... ....


You could see Clownie's ghost.

Vanquished Creatures
  A hydra (D:11)
  A death knight (D:11)
  Erica (D:9)
  An unseen horror (D:11)
  An ugly thing (D:11)
  A manticore (D:11)
  A komodo dragon (D:11)
  A freezing wraith (D:11)
  5 trolls (D:11)
  A two-headed ogre (D:10)
  Prince Ribbit (D:9)
  A hippogriff (D:11)
  A spriggan (D:7)
  4 yaks
  2 wyverns
  4 wraiths
  A basilisk (D:11)
  Menkaure (D:5)
  A mottled dragon (D:11)
  2 porcupines (D:11)
  2 sky beasts
  2 orc warriors
  A necrophage (D:9)
  3 ice beasts
  3 ogres
  3 phantoms
  6 centaurs
  2 bullfrogs
  A wyvern skeleton (D:4)
  A scorpion (D:11)
  A killer bee (D:11)
  3 howler monkeys
  5 wights
  4 bullfrog zombies
  3 centaur zombies
  5 crimson imps
  3 jellies
  5 hounds
  6 orc wizards
  A gnoll shaman (D:4)
  2 orc priests (D:9)
  2 iguanas
  12 worker ants
  2 hell rats (D:11)
  Terence (D:2)
  A killer bee zombie (D:7)
  A hound zombie (D:10)
  A worker ant zombie (D:10)
  3 gnolls (D:4)
  12 adders
  4 river rats
  3 shadow imps
  2 oozes (Sewer)
  An adder skeleton (D:8)
  5 worms (Sewer)
  11 dart slugs
  10 leopard geckos
  34 orcs
  4 ball pythons
  14 giant cockroaches
  14 goblins
  4 hobgoblins
  16 jackals
  6 kobolds
  7 quokkas
  11 bats
  4 frilled lizards
  A giant cockroach zombie (D:6)
  A jackal zombie (D:6)
  11 rats
292 creatures vanquished.

Notes
Turn   | Place    | Note
-------+----------+-------------------------------------------
     0 | D:1      | Queen the Gargoyle Berserker began the quest for the Orb.
     0 | D:1      | Reached XP level 1. HP: 14/14 MP: 1/1
   493 | D:1      | Reached XP level 2. HP: 19/19 MP: 2/2
   864 | D:1      | Reached skill level 4 in Maces & Flails
   925 | D:1      | Reached XP level 3. HP: 23/23 MP: 3/3
  1614 | D:2      | Reached ** piety under Trog
  1682 | D:2      | Reached XP level 4. HP: 18/28 MP: 4/4
  1688 | D:2      | Found a blossoming altar of Fedhas.
  1906 | D:2      | Noticed Terence
  1916 | D:2      | Killed Terence
  1916 | D:2      | Reached skill level 5 in Maces & Flails
  2049 | D:2      | Found a sacrificial altar of Ru.
  2251 | D:3      | Reached XP level 5. HP: 19/32 MP: 5/5
  2600 | D:3      | Reached skill level 6 in Maces & Flails
  2979 | D:3      | Reached XP level 6. HP: 24/37 MP: 6/6
  3227 | D:3      | Reached *** piety under Trog
  3303 | D:3      | Reached skill level 7 in Maces & Flails
  3474 | D:4      | Received a gift from Trog
  3652 | D:4      | Reached XP level 7. HP: 17/41 MP: 7/7
  4073 | D:4      | Reached skill level 8 in Maces & Flails
  4504 | D:5      | Entered Level 5 of the Dungeon
  4562 | D:5      | Found a radiant altar of Vehumet.
  4712 | D:5      | Found a staircase to the Ecumenical Temple.
  4930 | D:5      | Reached skill level 9 in Maces & Flails
  4946 | D:5      | Reached XP level 8. HP: 45/46 MP: 8/8
  5312 | D:5      | Noticed Menkaure
  5318 | D:5      | Killed Menkaure
  5342 | D:5      | Reached skill level 10 in Maces & Flails
  5623 | D:6      | Found a glowing drain.
  5627 | Sewer    | Entered a sewer
  5644 | Sewer    | Reached **** piety under Trog
  6584 | D:6      | Noticed a yak
  6625 | D:6      | Killed a yak
  6625 | D:6      | Reached skill level 11 in Maces & Flails
  6647 | D:6      | Reached XP level 9. HP: 16/51 MP: 9/9
  7167 | D:6      | Found a deep blue altar of Sif Muna.
  7186 | D:6      | Identified Sif Muna's Reference Book on Orientation
  7196 | D:7      | Reached skill level 12 in Maces & Flails
  8204 | D:8      | Reached skill level 13 in Maces & Flails
  8572 | D:8      | Found a hazy altar of Hepliaklqana.
  8977 | D:9      | Found a hide-covered altar of Uskayaw.
  9001 | D:9      | Reached ***** piety under Trog
  9071 | D:9      | Reached XP level 10. HP: 56/56 MP: 10/10
  9141 | D:9      | Found Zin's Purification Station.
  9141 | D:9      | Noticed Erica
  9154 | D:9      | Killed Erica
  9154 | D:9      | Reached skill level 14 in Maces & Flails
  9159 | D:9      | Found a glowing silver altar of Zin.
  9165 | D:9      | Noticed Prince Ribbit
  9190 | D:9      | Killed Prince Ribbit
  9325 | D:9      | Received a gift from Trog
  9573 | D:10     | Entered Level 10 of the Dungeon
  9908 | D:10     | Got a distressingly furry ring mail
  9919 | D:10     | Identified the +0 ring mail of Magic {rCorr} (You found it on level 10 of the Dungeon)
 10328 | D:10     | Reached skill level 15 in Maces & Flails
 10484 | D:10     | Received a gift from Trog
 10769 | D:11     | Killed an unseen horror
 10769 | D:11     | Reached skill level 5 in Fighting
 11137 | D:11     | Reached XP level 11. HP: 47/66 MP: 11/11
 11225 | D:11     | Noticed a death knight
 11247 | D:11     | Killed a death knight
 11289 | D:11     | HP: 2/68 [wraith[a death knight] (9)]
 11459 | D:11     | Noticed a seven-headed hydra
 11477 | D:11     | Killed a seven-headed hydra
 11661 | D:11     | Noticed a manticore
 11676 | D:11     | Killed a manticore
 11946 | D:11     | Reached skill level 10 in Fighting
 12089 | D:11     | Noticed a white ugly thing
 12119 | D:11     | Killed a white ugly thing
 12208 | D:11     | Noticed Clownie's ghost (journeyman FoGl)
 12224 | D:11     | HP: 3/111 [Clownie's ghost (7)]
 12224 | D:11     | Slain by Clownie's ghost

Skill      XL: |  1  2  3  4  5  6  7  8  9 10 11 |
---------------+----------------------------------+-----
Maces & Flails | 4 5 6 7 9 11 13 15 | 15.0
Fighting       | 6 11 | 11.3
Armour         | |  2.1
Dodging        | |  1.5

Action                   |  1- 3 |  4- 6 |  7- 9 | 10-12 || total
-------------------------+-------+-------+-------+-------++-------
Melee: Mace              |   150 |   237 |       |   391 ||   778
       Flail             |       |     6 |   685 |   201 ||   892
Invok: Berserk           |       |     3 |     2 |     8 ||    13
       Trog's Hand       |       |     1 |       |     8 ||     9
       Burn Spellbooks   |       |       |     1 |     1 ||     2
  Use: Scroll            |       |     4 |    11 |     1 ||    16
       Potion            |       |       |       |     1 ||     1
  Eat: Chunk             |     3 |    10 |    16 |    11 ||    40
       Bread ration      |       |       |     1 |     2 ||     3
Armor: Animal skin       |    12 |       |       |       ||    12
       Ring mail         |    43 |   118 |   270 |   188 ||   619
       Chain mail        |       |    13 |    34 |       ||    47
       Plate armour      |       |       |       |   200 ||   200
Dodge: Dodged            |   104 |   129 |   340 |   207 ||   780
